[Event "GrandPrix_30.05"]
[Site "Chess.com"]
[Date "2020.05.30"]
[Round "4"]
[White "SergeyVashchilov"]
[Black "ZverevLev"]
[Result "1/2-1/2"]
[WhiteElo "2053"]
[BlackElo "2104"]
[TimeControl "600+2"]
[EndTime "9:48:17 PDT"]
[Termination "Game drawn by repetition"]

1. e4 e5 2. Nf3 Nc6 3. d4 exd4 4. Nxd4 Bc5 5. Nb3 Bb6 6. Nc3 Nf6 7. Qe2 a5 8. Na4 Ba7 9. Bg5 O-O 10. O-O-O h6 11.
Bh4 d6 12. f3 Rb8 13. Nc3 b5 14. Nxb5 Ba6 15. Nxa7 Bxe2 16. Nxc6 Qe8 17. Bxe2 Qxc6 18. Bxf6 gxf6 19. Nd4 Qb6 20. b3 a4 21. Nf5 axb3 22. axb3 Qa5 23. Bc4 Qc3 24. Ne7+ Kh8 25. Nd5 Qa5 26. Kb2 c6 27. Nc3 Qb4 28. Be2 Ra8 29. Ra1 Rfb8 30. Rhd1 c5 31. Rxa8 Rxa8 32. Nb5 Qa5 33.
Nxd6 Qa3+ 34. Kc3 Rb8 35. Nxf7+ Kg7 36. Bc4 Ra8 37. h4 Rb8 38. h5 Qb4+ 39. Kd3 Rb7 40. Nd6 Rd7 41. Ke2 Kf8 42. Rd3 Qb8 43. Nf5 Rxd3 44.
cxd3 Qf4 45. g4 Qc1 46. Kf2 Qd2+ 47. Kg3 Ke8 48. f4 Qe1+ 49. Kf3 Qf1+ 50. Kg3 Qg1+ 51.
Kf3 Qf1+ 52. Kg3 Qg1+ 53. Kf3 Qf1+ 1/2-1/2

[Event "GrandPrix_30.05"]
[Site "Chess.com"]
[Date "2020.05.30"]
[Round "4"]
[White "Mizner"]
[Black "tianachess"]
[Result "1-0"]
[WhiteElo "2118"]
[BlackElo "1982"]
[TimeControl "600+2"]
[EndTime "9:48:38 PDT"]
[Termination "Mizner won on time"]

1. d4 Nf6 2. c4 c5 3. d5 b5 4.
cxb5 a6 5. bxa6 g6 6. Nc3 Bxa6 7. g3 d6 8. Bg2 Bg7 9. Nf3 O-O 10. O-O Nbd7 11.
Rb1 Qa5 12. Qc2 Bc4 13. Bd2 Qa6 14. b3 Bxe2 15. Nxe2 Qxe2 16. Rfe1 Qa6 17. Rxe7 Qxa2 18. Qxa2 Rxa2 19. Bf4 Rd8 20. Ng5 Bf8 21. Rxf7 h6 22. Ne6 Rda8 23. Rxf8+ Nxf8 24. Bxd6 Ra1 25. Rf1 Rxf1+ 26. Bxf1 Nxe6 27. dxe6 Ne4 28. Be5 Nd2 29. Bg2 Rd8 30. e7 Re8 31. Bd5+ Kh7 32. Bf6 Rb8 33. h4 g5 34. h5 1-0

[Event "GrandPrix_30.05"]
[Site "Chess.com"]
[Date "2020.05.30"]
[Round "4"]
[White "bernereremit"]
[Black "SacrificeGod"]
[Result "1-0"]
[WhiteElo "2131"]
[BlackElo "2230"]
[TimeControl "600+2"]
[EndTime "9:49:02 PDT"]
[Termination "bernereremit won by resignation"]

1. e4 c5 2. Nc3 d6 3. Nf3 Nf6 4. d4 cxd4 5. Nxd4 g6 6. Bc4 Bg7 7. f3 O-O 8. Be3 Nc6 9. Bb3 Bd7 10.
h4 h5 11. Qd2 Rb8 12. Nxc6 Bxc6 13. Bxa7 Ra8 14. Bd4 b5 15. O-O e5 16. Be3 b4 17. Ne2 d5 18. exd5 Nxd5 19. Bg5 Qb6+ 20. Kh1 Rfd8 21. Bxd8 Qxd8 22. g3 e4 23. fxe4 Nf6 24.
Qxd8+ Rxd8 25. Rad1 Bxe4+ 26. Kg1 Rc8 27. Rd6 Ng4 28.
Rxf7 Rf8 29. Rf4+ 1-0

[Event "GrandPrix_30.05"]
[Site "Chess.com"]
[Date "2020.05.30"]
[Round "4"]
[White "ly4o"]
[Black "VolodymyrMolyboha"]
[Result "1/2-1/2"]
[WhiteElo "2031"]
[BlackElo "2186"]
[TimeControl "600+2"]
[EndTime "9:49:04 PDT"]
[Termination "Game drawn by repetition"]

1. d4 g6 2. c4 Bg7 3. Nc3 d6 4. e4 Nc6 5. Be3 e5 6. d5 Nce7 7. g4 f5 8. gxf5 gxf5 9. Qh5+ Kf8 10. exf5 Nxf5 11. Bd3 Nf6 12. Qe2 a6 13. Nf3 Nxe3 14. fxe3 Bg4 15. h3 Bh5 16. Qf2 Bh6 17. O-O-O Rg8 18.
Rdf1 Ke8 19. Kb1 Rf8 20. Qg3 Qe7 21. Ng5 Rg8 22. h4 c6 23. dxc6 bxc6 24. Qf2 Rf8 25.
Qg2 Kd7 26. Bf5+ Kc7 27. Ne6+ Kb7 28. Nxf8 Rxf8 29. Ne4 Bxe3 30. Nxf6 Rxf6 31. Be4 Be8 32. Rxf6 Qxf6 33. Rf1 Qxh4 34. Qg7+ Kb6 35. Bd3 Bg6 36. Bxg6 hxg6 37. Qxg6 Qxc4 38. Rd1 d5 39. Qe8 e4 40.
Qb8+ Ka5 41. Qc7+ Bb6 42. Qe7 e3 43. Qa3+ Kb5 44. Rc1 e2 45. Qg3 Qe4+ 46. Ka1 d4 47. Qb3+ Ka5 48. Qa3+ Kb5 49. Qb3+ Ka5 50. Qa3+ Kb5 51. Qb3+ 1/2-1/2

[Event "GrandPrix_30.05"]
[Site "Chess.com"]
[Date "2020.05.30"]
[Round "4"]
[White "PresidenteMNE"]
[Black "Meizon19"]
[Result "0-1"]
[WhiteElo "2143"]
[BlackElo "2295"]
[TimeControl "600+2"]
[EndTime "9:49:05 PDT"]
[Termination "Meizon19 won by resignation"]

1. d4 Nf6 2. Bg5 d5 3. Nc3 Nbd7 4. e3 g6 5. f4 Bg7 6. Nf3 O-O 7. Bd3 c5 8. O-O c4 9. Be2 b5 10. Ne5 Qb6 11.
Nxd7 Bxd7 12. Bxf6 exf6 13. Nxd5 Qd6 14. Bf3 f5 15. Qd2 Rfe8 16. a4 Bc6 17. Nc3 b4 18. Nb5 Bxb5 19. axb5 c3 20. bxc3 bxc3 21. Qf2 Rab8 22.
Ra6 Rb6 23. Rxb6 Qxb6 24. Rd1 Qxb5 25. h3 a5 26. Kh2 a4 27. Qe1 Qb2 28. Bc6 Re7 29.
Bxa4 Qb4 30. Bb3 Bxd4 31. Qh4 Bxe3 32. Qf6 Bxf4+ 33. Kh1 Bc7 34. Ra1 Rd7 35. Qc6 Qd4 36. Ra8+ Kg7 0-1

[Event "GrandPrix_30.05"]
[Site "Chess.com"]
[Date "2020.05.30"]
[Round "4"]
[White "Mesropov_Konstantin"]
[Black "Vnebo"]
[Result "1/2-1/2"]
[WhiteElo "2302"]
[BlackElo "2159"]
[TimeControl "600+2"]
[EndTime "9:49:09 PDT"]
[Termination "Game drawn by agreement"]

1. c4 e6 2. Nf3 d5 3. e3 Nf6 4. Nc3 c5 5. d4 a6 6. a3 dxc4 7. Bxc4 b5 8. Be2 Bb7 9. O-O Nbd7 10. dxc5 Bxc5 11. b4 Be7 12. Bb2 O-O 13. Rc1 Rc8 14. Qb3 Qb6 15. Rfd1 Rfd8 16. h3 h6 17. Nd4 Ne5 18. a4 bxa4 19. Nxa4 Qxb4 20. Qxb4 Bxb4 21. Nxe6 Rxd1+ 22. Rxd1 Nc4 23. Bxf6 gxf6 24. Rd8+ Rxd8 25. Nxd8 Nd6 26. Nxb7 Nxb7 27. Bxa6 Nc5 28. Nxc5 Bxc5 29. Kf1 Kf8 30. Ke2 Bb6 31. Kf3 Ba5 32. Bc4 Bb4 33. Ke2 Ba5 34. f4 Bb4 35. Kf3 Bd2 36. e4 Bc1 37. Kg4 Kg7 38. Kf5 Bd2 39. Bd5 Bc1 40. Kg4 Bd2 41. Bc4 Kg6 42. g3 Be1 43.
Bd3 Kg7 44. Kf3 Kf8 45. Bc4 Kg7 46. g4 Bd2 47. h4 Be1 48. h5 Bd2 49. Bb3 Bc1 50. e5 fxe5 51. fxe5 f6 52. e6 Kf8 53. Ke4 Ke7 1/2-1/2

[Event "GrandPrix_30.05"]
[Site "Chess.com"]
[Date "2020.05.30"]
[Round "4"]
[White "DenLaz"]
[Black "Bengalas"]
[Result "1/2-1/2"]
[WhiteElo "2525"]
[BlackElo "2265"]
[TimeControl "600+2"]
[EndTime "9:49:14 PDT"]
[Termination "Game drawn by repetition"]

1. d4 Nf6 2. c4 e6 3. Nf3 Bb4+ 4. Bd2 Qe7 5. g3 Bxd2+ 6. Qxd2 Nc6 7. Nc3 d5 8. Bg2 dxc4 9. O-O O-O 10. Rac1 Rd8 11.
Rfd1 Rb8 12. Qg5 Nd5 13. Qh5 b5 14. Ne4 h6 15. b3 f5 16. Nc5 c3 17. e4 fxe4 18.
Nxe4 b4 19. Re1 Nf6 20. Qh4 Nxd4 21. Ne5 c5 22. Ng6 Qf7 23. Ne5 Qe7 24. Ng6 Qf7 25. Ne5 Qe7 1/2-1/2

[Event "GrandPrix_30.05"]
[Site "Chess.com"]
[Date "2020.05.30"]
[Round "4"]
[White "Grebnev_A"]
[Black "bsnsun"]
[Result "1-0"]
[WhiteElo "2199"]
[BlackElo "1913"]
[TimeControl "600+2"]
[EndTime "9:49:27 PDT"]
[Termination "Grebnev_A won by resignation"]

1. c4 b6 2. Nc3 Bb7 3. Nf3 e6 4. e4 c5 5. d4 cxd4 6. Nxd4 d6 7.
Be3 Nf6 8. Bd3 Nbd7 9. O-O Be7 10. Rc1 Rc8 11. b3 O-O 12. Qd2 a6 13. Rfd1 Nc5 14.
f3 Qc7 15. Bf1 Rfd8 16. Qf2 Qb8 17. Qg3 Kh8 18. Nde2 Re8 19. Nf4 Bd8 20. Nd3 Bc7 21. Qh4 Ncd7 22. Nf4 Ne5 23. Qf2 Ned7 24. Qh4 Rg8 25.
Nh3 d5 26. Ng5 Rgf8 27. exd5 exd5 28. Nxd5 Bxd5 29. cxd5 b5 30. Bd3 h6 31. Bf5 Bb6 32. Nxf7+ Kg8 33. Nxh6+ gxh6 34. Be6+ Rf7 35. Rxc8+ Qxc8 36. Bxb6 Qc2 37. Re1 Nxb6 38. Qxf6 1-0

[Event "GrandPrix_30.05"]
[Site "Chess.com"]
[Date "2020.05.30"]
[Round "4"]
[White "haddinibilbaoo"]
[Black "am00ss00"]
[Result "0-1"]
[WhiteElo "2092"]
[BlackElo "2054"]
[TimeControl "600+2"]
[EndTime "9:49:30 PDT"]
[Termination "am00ss00 won by resignation"]

1. d4 d5 2. Nf3 e6 3. Bf4 Bd6 4. e3 f5 5. Nbd2 Nf6 6. Bd3 O-O 7. O-O Ne4 8. Bxd6 Qxd6 9. Ne5 Nxd2 10. Qxd2 Nd7 11.
Nxd7 Bxd7 12. f4 c5 13. c3 c4 14. Be2 b5 15. Kh1 a5 16. Rg1 b4 17. g4 Rab8 18. Rg3 Rf7 19. Rag1 a4 20. gxf5 exf5 21. Bh5 Re7 22.
Qg2 Qf6 23. Qxd5+ Kh8 24. Bf3 bxc3 25. bxc3 g6 26. Qxc4 Rxe3 27. Qc7 Rd8 28. c4 Be8 29. Bd5 Rd7 30. Rxe3 Rxc7 31. Rxe8+ Kg7 32. Rg8+ Kh6 33.
Rg3 Qh4 34. Rf3 Re7 35. Rf1 Re1 36. Rxe1 Qxe1+ 37. Kg2 Qd2+ 38. Kg3 Qe3+ 39. Kg2 Qxf4 40. c5 Qxd4 0-1

[Event "GrandPrix_30.05"]
[Site "Chess.com"]
[Date "2020.05.30"]
[Round "4"]
[White "Misterlose0"]
[Black "BakaPG"]
[Result "0-1"]
[WhiteElo "1953"]
[BlackElo "2325"]
[TimeControl "600+2"]
[EndTime "9:49:40 PDT"]
[Termination "BakaPG won by resignation"]

1. d4 c5 2. d5 e5 3. e4 d6 4.
Nc3 Be7 5. Nf3 Nf6 6. Be2 O-O 7. O-O Nbd7 8. Nd2 a6 9. a4 b6 10. Nc4 Ne8 11. f4 Bf6 12. Bg4 Rb8 13. Be3 exf4 14. Bxf4 Bd4+ 15. Kh1 Ne5 16. Bxc8 Rxc8 17. Bxe5 Bxe5 18.
Nxe5 dxe5 19. Qe2 c4 20. d6 Qxd6 21. Rad1 Qe6 22. Nd5 b5 23. Ne3 Nd6 24. Nf5 Nxf5 25.
exf5 Qf6 26. axb5 axb5 27. Rd5 e4 28. Qxe4 Qxb2 29. f6 Rfe8 30. Qh4 Re6 31. fxg7 Rce8 32. h3 Qxc2 33. Rd7 Rg6 34. g4 Qe4+ 35. Kg1 Rxg7 36. Qh5 Rf8 37. Qxb5 Qe3+ 38. Kg2 h5 39. Qxh5 c3 40.
Rf3 Qe2+ 41. Rf2 Qe4+ 42. Kg1 c2 43. Rc7 Qe1+ 44. Rf1 Qg3+ 45. Kh1 Qxc7 0-1

[Event "GrandPrix_30.05"]
[Site "Chess.com"]
[Date "2020.05.30"]
[Round "4"]
[White "HElissalt"]
[Black "tsaruk_maks"]
[Result "0-1"]
[WhiteElo "2094"]
[BlackElo "2391"]
[TimeControl "600+2"]
[EndTime "9:49:45 PDT"]
[Termination "tsaruk_maks won by checkmate"]

1. d4 Nf6 2. c4 e6 3. Nf3 d5 4.
Nc3 c5 5. cxd5 Nxd5 6. e4 Nxc3 7. bxc3 cxd4 8. cxd4 Bb4+ 9. Bd2 Bxd2+ 10. Qxd2 O-O 11. Bc4 b6 12. O-O Nd7 13. Rfe1 Bb7 14. Ng5 h6 15. Nh3 Rc8 16. Bb3 Qe7 17. Nf4 Rfd8 18. Qe3 Nf6 19. f3 Qb4 20. Nxe6 Rc3 21. Qf4 fxe6 22. Bxe6+ Kh8 23. Rad1 Bc8 24. d5 Rd3 25. Qc7 Qd4+ 26. Kf1 Rxd1 27. Qxd8+ Kh7 28. Qxc8 Qd3+ 29. Kf2 Qd4+ 30.
Kf1 Qd3+ 31. Kf2 Qd2+ 32. Re2 Nxe4+ 33. fxe4 Qf4# 0-1

[Event "GrandPrix_30.05"]
[Site "Chess.com"]
[Date "2020.05.30"]
[Round "4"]
[White "Olghita64"]
[Black "GM_LOADING"]
[Result "1/2-1/2"]
[WhiteElo "2077"]
[BlackElo "2318"]
[TimeControl "600+2"]
[EndTime "9:49:57 PDT"]
[Termination "Game drawn by repetition"]

1. Nf3 Nf6 2. c4 e6 3. g3 a6 4. Bg2 b5 5. b3 c5 6. O-O Bb7 7. Nc3 Qb6 8. d3 Be7 9. Rb1 O-O 10. Bb2 Nc6 11. Ba1 d6 12. e3 Rfe8 13. Qe2 d5 14.
Rfd1 Rad8 15. d4 Ne4 16. cxb5 Nxc3 17. Bxc3 axb5 18. dxc5 Bxc5 19. b4 Bf8 20. Nd4 Na7 21. Nb3 Nc6 22. Nd4 Na7 23. Nb3 Nc6 24. Nd4 1/2-1/2

[Event "GrandPrix_30.05"]
[Site "Chess.com"]
[Date "2020.05.30"]
[Round "4"]
[White "kostasam18"]
[Black "GMStefanova"]
[Result "1/2-1/2"]
[WhiteElo "2108"]
[BlackElo "2320"]
[TimeControl "600+2"]
[EndTime "9:50:21 PDT"]
[Termination "Game drawn by repetition"]

1. e4 c6 2. Nc3 d5 3. Nf3 Bg4 4. h3 Bxf3 5. Qxf3 e6 6. Be2 Bc5 7. Qg3 Bd4 8. exd5 exd5 9. Qg4 Bf6 10. O-O Ne7 11. d4 O-O 12. Nd1 Nd7 13. c3 Re8 14.
Bd3 Ng6 15. Ne3 b5 16. Nf5 Nb6 17. b3 a5 18. Bd2 a4 19. b4 Nc4 20. Bxc4 bxc4 21. Rfe1 Re6 22. Ng3 Qd7 23. Nh5 Bh4 24.
g3 Rxe1+ 25. Rxe1 Qxg4 26. hxg4 Be7 27. f4 Bd6 28. f5 Ne7 29. Bf4 Bxf4 30. gxf4 Kf8 31.
Nxg7 Ng8 32. Nh5 Nh6 33. Nf6 Kg7 34. Nh5+ Kf8 35. Nf6 Kg7 36. Nh5+ Kf8 1/2-1/2

[Event "GrandPrix_30.05"]
[Site "Chess.com"]
[Date "2020.05.30"]
[Round "4"]
[White "N4700000"]
[Black "Olga_Girya"]
[Result "0-1"]
[WhiteElo "2251"]
[BlackElo "2274"]
[TimeControl "600+2"]
[EndTime "9:50:24 PDT"]
[Termination "Olga_Girya won by resignation"]

1. e4 c6 2. Nc3 d5 3. Qe2 d4 4.
Nd1 e5 5. g3 Nf6 6. Bg2 Be6 7. f4 d3 8. cxd3 Na6 9. f5 Bxa2 10. Rxa2 Nb4 11. Ra3 Nc2+ 12. Kf1 Bxa3 13. bxa3 Nd4 14. Qe1 Nc2 15. Qf2 Qxd3+ 16. Qe2 O-O-O 17.
Qxd3 Rxd3 18. Nc3 Nd4 19. Nge2 Nb3 20. Ke1 Rhd8 21. Nb1 a5 22. Rf1 c5 23. Bb2 Nxd2 24.
Nxd2 Rxd2 25. Bc3 Rd1+ 26. Kf2 Ng4+ 27. Kg1 Rxf1+ 28. Bxf1 Rd1 29. Bxa5 Ne3 30. Kf2 Nxf1 31. Nc3 Ra1 32. Nb5 Nxh2 33. Nd6+ Kd7 34. Nxf7 Ng4+ 35.
Kf3 h5 0-1

[Event "GrandPrix_30.05"]
[Site "Chess.com"]
[Date "2020.05.30"]
[Round "4"]
[White "MasterSonnevanck2"]
[Black "KruHor"]
[Result "0-1"]
[WhiteElo "2150"]
[BlackElo "2446"]
[TimeControl "600+2"]
[EndTime "9:50:31 PDT"]
[Termination "KruHor won by resignation"]

1. d4 Nf6 2. c4 e6 3. Nc3 Bb4 4.
f3 c5 5. d5 O-O 6. e4 d6 7. Ne2 b5 8. Ng3 bxc4 9. Bxc4 Bxc3+ 10. bxc3 Qa5 11. Ne2 Ba6 12. Bxa6 Qxa6 13. O-O exd5 14.
Bg5 Nbd7 15. exd5 Rfe8 16. Ng3 Re5 17. Bxf6 Nxf6 18. Ne4 Nxe4 19. fxe4 Rae8 20. Qf3 f6 21. Rab1 Rxe4 22. Qg3 Kh8 23. h3 R4e5 24. c4 Qxa2 25. Rb7 Rg5 26. Qf3 Qxc4 27. Rfb1 h6 28. Rf7 Qxd5 29. Qxd5 Rxd5 30. Rbb7 Rg5 31. Kf2 a5 32. Rfd7 Ra8 33. Rxd6 a4 34. Rd2 a3 35. Ra2 c4 36.
Rc7 Ra4 37. Kf3 Rb5 38. Ke4 Rb2 39. Ra1 a2 40. Kf5 Kh7 0-1

[Event "GrandPrix_30.05"]
[Site "Chess.com"]
[Date "2020.05.30"]
[Round "4"]
[White "2346PL"]
[Black "titan013"]
[Result "1/2-1/2"]
[WhiteElo "2064"]
[BlackElo "2179"]
[TimeControl "600+2"]
[EndTime "9:50:33 PDT"]
[Termination "Game drawn by repetition"]

1. d4 d5 2. Nf3 Nf6 3. c3 Bg4 4. Qb3 Qc8 5. Ne5 Bf5 6. e3 e6 7. c4 Bd6 8. Nc3 O-O 9. cxd5 exd5 10. Nxd5 Nxd5 11. Qxd5 Bb4+ 12. Bd2 Be6 13. Qb5 Bxd2+ 14. Kxd2 c6 15. Qb4 Nd7 16. Nxd7 Qxd7 17. Bd3 b6 18.
Ke2 Rad8 19. Rhd1 Bd5 20. f3 Qc7 21. g3 Qd7 22. Kf2 Qh3 23. Rh1 c5 24. Qd2 cxd4 25.
exd4 Rd6 26. Qg5 g6 27. Rae1 Bxa2 28. Re4 Qd7 29. Bb5 Qb7 30. Re7 Qb8 31. Qe3 a5 32. b3 Qd8 33. Re4 a4 34. Bxa4 Rd5 35. Ra1 b5 36. Rxa2 bxa4 37. bxa4 Qa5 38. Re5 Rfd8 39.
Rxd5 Rxd5 40. h4 Kg7 41. g4 Qc7 42. Kg2 h5 43. a5 hxg4 44. fxg4 Qd7 45. Kh3 Rxd4 46.
Qe5+ Kh7 47. Qe2 f5 48. a6 fxg4+ 49. Kg2 Qd5+ 50. Kh2 Rd3 51. Qe7+ Kg8 52. Qe8+ Kg7 53. Qe7+ Kg8 54. Qe8+ Kg7 55. Qe7+ Kg8 1/2-1/2

[Event "GrandPrix_30.05"]
[Site "Chess.com"]
[Date "2020.05.30"]
[Round "4"]
[White "Hakob-Hakobyan-Arm"]
[Black "Rakhmanov_Aleksandr"]
[Result "0-1"]
[WhiteElo "2155"]
[BlackElo "2452"]
[TimeControl "600+2"]
[EndTime "9:50:39 PDT"]
[Termination "Rakhmanov_Aleksandr won by resignation"]

1. Nf3 d5 2. g3 g6 3. Bg2 Bg7 4. d4 Nf6 5. O-O O-O 6. c4 c6 7. cxd5 cxd5 8. Nc3 Nc6 9. Ne5 Bd7 10. Nxd7 Qxd7 11. Na4 b6 12. b3 Rfc8 13. Bb2 e6 14. e3 Nb4 15. a3 Nc6 16. Qe2 Na5 17. Qd3 Ne4 18. Rfc1 Nd6 19. Bf1 Rxc1 20. Rxc1 Rc8 21. Rc2 Rxc2 22. Qxc2 Qc8 23. Qxc8+ Nxc8 24. b4 Nc4 25.
Bxc4 dxc4 26. Nc3 Nd6 27. b5 e5 28. d5 e4 29. a4 Nb7 30. Kf1 Nc5 31. Ke2 Nd3 32. Ba1 Kf8 33. f3 f5 34. fxe4 fxe4 35. Kd2 Ke7 36. Kc2 h5 37. Kb1 Bxc3 38. Bxc3 Kd6 39. a5 bxa5 40. Bd4 Kxd5 41. Bxa7 Nc5 42. Kc2 a4 43. Kb2 Nd3+ 44. Kc2 a3 45. Bd4 a2 46. b6 Kc6 47. h4 Nb4+ 48. Kb2 a1=Q+ 49. Kxa1 Nc2+ 50. Kb2 Nxd4 51. exd4 e3 52. Kc2 Kxb6 53. Kd1 c3 0-1

[Event "GrandPrix_30.05"]
[Site "Chess.com"]
[Date "2020.05.30"]
[Round "4"]
[White "ArnaudovP"]
[Black "EvgenyRomanov"]
[Result "0-1"]
[WhiteElo "2214"]
[BlackElo "2169"]
[TimeControl "600+2"]
[EndTime "9:50:45 PDT"]
[Termination "EvgenyRomanov won by resignation"]

1. Nf3 Nf6 2. c4 b6 3. g3 Bb7 4. Bg2 g6 5. d4 Bg7 6. O-O O-O 7. d5 Na6 8. Nc3 Nc5 9. Qc2 e6 10. e4 exd5 11. exd5 c6 12. d6 a5 13. Bg5 Ba6 14. b3 h6 15. Be3 Qb8 16. Rad1 Re8 17. Bxc5 bxc5 18. Na4 Qb4 19. Ne1 Re6 20. Nd3 Qb8 21.
Ndxc5 Rxd6 22. Rxd6 Qxd6 23. Rd1 Qe7 24. Qd2 Bc8 25. Qe3 Qxe3 26. fxe3 Rb8 27. Bh3 d5 28. Bg2 Bg4 29. Rc1 h5 30. h3 Bf5 31. cxd5 cxd5 32.
Na6 Re8 33. Nc7 Rxe3 34. Kf2 Re7 35. Nxd5 Nxd5 36. Bxd5 Bd4+ 37. Kf3 Re3+ 38. Kf4 Re2 39. Rc4 Be5+ 40. Kf3 Rh2 41. Nc3 Bxh3 42. Ne4 Bg4+ 43.
Ke3 Rxa2 44. Rc5 Kg7 45. Rb5 Bb2 46. Rb7 Bc1+ 47. Kd4 Bf5 48. Rxf7+ Kh6 49. Rc7 Bb2+ 50.
Ke3 Be5 51. Bg8 Bxc7 0-1

[Event "GrandPrix_30.05"]
[Site "Chess.com"]
[Date "2020.05.30"]
[Round "4"]
[White "ZefirKa"]
[Black "swisspower96"]
[Result "1-0"]
[WhiteElo "2131"]
[BlackElo "2295"]
[TimeControl "600+2"]
[EndTime "9:50:58 PDT"]
[Termination "ZefirKa won by resignation"]

1. e4 c5 2. Nf3 Nc6 3. d4 cxd4 4.
Nxd4 Nf6 5. Nc3 e5 6. Ndb5 d6 7. Bg5 a6 8. Na3 b5 9. Nd5 Be7 10.
Bxf6 Bxf6 11. c3 Rb8 12. Nc2 Bg5 13. a3 O-O 14. Ncb4 Na7 15. Be2 a5 16. Nc2 g6 17.
O-O Bh6 18. b4 f5 19. exf5 Bxf5 20. bxa5 Nc6 21. a6 Na5 22. Ncb4 Bd7 23. Bg4 Be8 24.
Be6+ Kh8 25. Ra2 Ra8 26. Ne3 Qb6 27. Re2 Qc5 28. Qd3 Ra7 29. Rd1 Rf6 30. Qxd6 Qxd6 31. Rxd6 Re7 32. Ng4 Rfxe6 33. Rxe6 Rxe6 34. Nxh6 Rd6 35. h4 Nc4 36. Ng4 Rd8 37. Nxe5 Nxa3 38. a7 Ra8 39.
Nec6 Nb1 40. Rxe8+ 1-0

[Event "GrandPrix_30.05"]
[Site "Chess.com"]
[Date "2020.05.30"]
[Round "4"]
[White "PlayChessSimple"]
[Black "tsvet2005"]
[Result "1-0"]
[WhiteElo "2187"]
[BlackElo "2205"]
[TimeControl "600+2"]
[EndTime "9:51:00 PDT"]
[Termination "PlayChessSimple won by resignation"]

1. e4 c5 2. Nf3 d6 3. c3 Nf6 4. h3 Nc6 5. Bd3 d5 6. e5 Nd7 7. Bb5 e6 8. Bxc6 bxc6 9. d3 Be7 10. O-O O-O 11. Bf4 f6 12. exf6 Bxf6 13. Bd6 Re8 14. d4 cxd4 15. cxd4 e5 16. dxe5 Nxe5 17. Bxe5 Bxe5 18.
Nxe5 Rxe5 19. Nd2 Rg5 20. Nf3 Rg6 21. Ne5 Rg5 22. f4 Rg3 23. Kh2 Qh4 24. Qe1 Rxg2+ 25. Kxg2 Qxh3+ 26. Kg1 Bf5 27. Rf3 Qh5 28. Qc3 Rf8 29.
Qxc6 Kh8 30. Qxd5 h6 31. Rg3 Qh4 32. Rg2 Qxf4 33. Rf1 Qe3+ 34. Rff2 Be4 35. Qxe4 Qxe4 36. Ng6+ Kh7 37. Rxf8 Qe1+ 38. Kh2 1-0

[Event "GrandPrix_30.05"]
[Site "Chess.com"]
[Date "2020.05.30"]
[Round "4"]
[White "MaxVavulin"]
[Black "Lukianoo"]
[Result "0-1"]
[WhiteElo "2236"]
[BlackElo "2595"]
[TimeControl "600+2"]
[EndTime "9:51:02 PDT"]
[Termination "Lukianoo won by resignation"]

1. e4 c6 2. d4 d5 3. Nc3 g6 4. e5 Bg7 5. f4 h5 6. Be3 Nh6 7. Nf3 Bg4 8. Be2 Nf5 9. Bf2 e6 10.
Qd2 Nd7 11. Ng5 Bxe2 12. Nxe2 Rc8 13. g3 Bf8 14. Kf1 c5 15. c3 Qb6 16. Kg2 Be7 17. Nf3 Qa6 18. h3 cxd4 19. cxd4 Bb4 20. Qd1 Nb6 21.
b3 Nd7 22. Rh2 Qa3 23. g4 Ne7 24. Bh4 Qb2 25. Kg3 Rc2 26. Rb1 Qxa2 27. Nc3 Rxh2 28.
Nxa2 Rxa2 29. Rc1 Nc6 30. Rc2 Ra3 31. Qd3 a6 32. Bg5 hxg4 33. hxg4 Nb6 34. f5 gxf5 35. gxf5 Kd7 36. fxe6+ fxe6 37. Bf6 Rh1 38. Rg2 Nc8 39. Kf4 N8e7 40. Ng5 Raa1 41. Nf3 Nf5 42. Rg5 Rad1 43. Qe2 Ncxd4 44. Nxd4 Rxd4+ 45. Kf3 Rh3+ 46. Kg2 Rdh4 47. Rxf5 Rh2+ 48. Kf3 R4h3+ 49. Kg4 exf5+ 0-1

[Event "GrandPrix_30.05"]
[Site "Chess.com"]
[Date "2020.05.30"]
[Round "4"]
[White "Meri-Arabidze"]
[Black "LorisinoC"]
[Result "1-0"]
[WhiteElo "2213"]
[BlackElo "2167"]
[TimeControl "600+2"]
[EndTime "9:51:02 PDT"]
[Termination "Meri-Arabidze won by resignation"]

1. d4 d5 2. c4 e6 3. Nf3 Nf6 4. Nc3 c6 5. e3 Nbd7 6. Qc2 Bd6 7. Be2 O-O 8. O-O dxc4 9. a4 h6 10. Bxc4 Qe7 11. Rd1 e5 12. Nh4 Nb6 13. Ng6 Qc7 14. dxe5 Bxe5 15. Nxe5 Qxe5 16. Bd3 Bg4 17. f3 Be6 18. e4 Nc4 19. Qf2 Rfd8 20. f4 Qh5 21. f5 Ne5 22. Be2 Rxd1+ 23. Nxd1 Nfg4 24. Qf4 Bc4 25. Bxc4 Nxc4 26. Nc3 Rd8 27. h3 Nge5 28. b3 Nd3 29.
Qc7 Rd4 30. bxc4 Rxc4 31. Qd8+ 1-0

[Event "GrandPrix_30.05"]
[Site "Chess.com"]
[Date "2020.05.30"]
[Round "4"]
[White "Winawer81"]
[Black "ulkaf961"]
[Result "1-0"]
[WhiteElo "2161"]
[BlackElo "1981"]
[TimeControl "600+2"]
[EndTime "9:51:05 PDT"]
[Termination "Winawer81 won by resignation"]

1. e4 e6 2. d4 d5 3. Nd2 a6 4. Bd3 c5 5. dxc5 Nf6 6. exd5 exd5 7. Nb3 Be7 8. Nf3 Bg4 9. O-O O-O 10. Bf4 Nc6 11. c3 Re8 12. Re1 Qd7 13. Be2 Ne4 14. Be3 Rad8 15. Nfd2 Bxe2 16. Rxe2 Qf5 17. Nf3 g5 18.
Nfd4 Qg6 19. Nxc6 bxc6 20. Bd4 f5 21. f3 Nf6 22. Qd3 Nh5 23. g3 Qf7 24. Rae1 Rd7 25. Qxa6 Rc7 26. Re6 Rf8 27. Qe2 Bf6 28. Bxf6 Nxf6 29.
Nd4 f4 30. g4 Nxg4 31. fxg4 f3 32. Qf2 Qf4 33. h3 h5 34. Rg6+ Kh7 35. Ne6 1-0

[Event "GrandPrix_30.05"]
[Site "Chess.com"]
[Date "2020.05.30"]
[Round "4"]
[White "FCLitras"]
[Black "hypert"]
[Result "1-0"]
[WhiteElo "2083"]
[BlackElo "2146"]
[TimeControl "600+2"]
[EndTime "9:51:08 PDT"]
[Termination "FCLitras won on time"]

1. d4 d5 2. c4 e6 3. Nf3 c6 4. Qc2 dxc4 5. Qxc4 Nf6 6. g3 b5 7. Qc2 Bb7 8. Bg2 Nbd7 9. O-O a6 10. a4 Qb6 11.
Rd1 Rc8 12. Bg5 c5 13. axb5 axb5 14. Qd2 cxd4 15. Bxf6 Nxf6 16. Nxd4 Bxg2 17. Kxg2 Bc5 18. e3 h5 19. h4 O-O 20. Nc3 Rfd8 21. Qe2 Bxd4 22.
exd4 Rxd4 23. Qxb5 Qxb5 24. Nxb5 Rxd1 25. Rxd1 Rb8 26.
Nd6 Rxb2 27. Rc1 Ng4 28. Rc8+ Kh7 29. Ne4 Kg6 30. Rd8 Kf5 31. Nd6+ Kf6 32. Ne4+ Ke5 33. Nd2 Ra2 34. Rd3 Kf6 35. Rf3+ Ke7 36. Nf1 e5 37. Ne3 g6 38. Nxg4 hxg4 39. Rb3 Ra6 40. Rb4 f5 41. Rc4 1-0

[Event "GrandPrix_30.05"]
[Site "Chess.com"]
[Date "2020.05.30"]
[Round "4"]
[White "ZEN-22"]
[Black "ehrenfeld"]
[Result "1-0"]
[WhiteElo "2214"]
[BlackElo "1966"]
[TimeControl "600+2"]
[EndTime "9:51:09 PDT"]
[Termination "ZEN-22 won on time"]

1. e4 e5 2. Nc3 Nf6 3. f4 d5 4. fxe5 Nxe4 5. Qf3 Nc6 6. Bb5 Nxc3 7. dxc3 Qh4+ 8. g3 Qe4+ 9. Qxe4 dxe4 10. Bf4 Bd7 11. O-O-O O-O-O 12. Bc4 Be6 13. Bxe6+ fxe6 14. Re1 Be7 15.
h4 e3 16. Rxe3 Bc5 17. Re4 Bxg1 18. Rxg1 Rd5 19. Rd1 Rhd8 20. Rxd5 Rxd5 21. b3 Kd7 22. a4 Ke8 23. b4 a6 24. Kb2 h5 25.
Kb3 Kf7 26. c4 Rd4 27. Re3 Kg6 28. c3 Rd1 29. c5 Ne7 30. b5 axb5 31. axb5 Kf5 32. c4 Kg4 33. Kc2 Rd4 34. Kc3 Nf5 35. Re1 Kf3 36. Ra1 Rd8 37. Ra7 Rb8 38. Bg5 Nxg3 39. c6 bxc6 40. bxc6 Rc8 41. Kd4 Nf5+ 42.
Kc5 Ke4 43. Ra1 Ng3 44. Rd1 Kf5 45. Bd8 Ne4+ 46. Kb4 Kxe5 47. Rd7 Nf6 48. Bxc7+ 1-0

[Event "GrandPrix_30.05"]
[Site "Chess.com"]
[Date "2020.05.30"]
[Round "4"]
[White "Spartakus1975"]
[Black "Haykos"]
[Result "0-1"]
[WhiteElo "2475"]
[BlackElo "2263"]
[TimeControl "600+2"]
[EndTime "9:51:11 PDT"]
[Termination "Haykos won by resignation"]

1. e4 c5 2. c3 d5 3. exd5 Qxd5 4. d4 Nf6 5. Nf3 e6 6. Na3 Nc6 7. Be3 cxd4 8. Nb5 Qd8 9. Nbxd4 Bd7 10. Nxc6 Bxc6 11.
Ne5 Qc7 12. Nxc6 bxc6 13. Bd3 Bd6 14. g3 O-O 15. O-O Rfd8 16. Qc2 h6 17. Rad1 a5 18. Rfe1 Nd5 19. Bc1 a4 20. Be4 Bc5 21. Kg2 Qb6 22.
Bf3 a3 23. b4 Be7 24. Qb3 Bf6 25. Bd2 c5 26. c4 Nxb4 27. Bxa8 Rxa8 28. Be3 Qa7 29.
Rd2 Rb8 30. Rb1 Nc6 31. Qd1 Rb2 32. Kg1 Qb7 33. Rc1 Ne5 34. Rd6 Nf3+ 35. Kf1 Nxh2+ 36. Kg1 Nf3+ 37. Kf1 Nd4 38. Kg1 Ne2+ 39. Kh2 Nxc1 40. Qxc1 Rb1 41. Rd7 Qe4 42. f3 Rb2+ 43. Bd2 Qxf3 44.
Qe1 Rxa2 45. Rc7 Ra1 0-1